 Dungeon Crawl Stone Soup version 0.26-b1-32-g5d43845318 (webtiles) character file.

Game seed: 5157314824106639856

182 Azzok the Skirmisher (level 5, -12/63 HPs)
             Began as a Demonspawn Berserker on Jan 11, 2021.
             Was a Believer of Trog.
             Killed by divine providence
             ... invoked by an orc priest
              (16 damage)
             ... on level 4 of the Dungeon.
             The game lasted 00:03:44 (3592 turns).

Azzok the Skirmisher (Demonspawn Berserker)         Turns: 3592, Time: 00:03:44

Health: -12/63     AC: 22    Str: 18    XL:     5   Next: 34%
Magic:  5/5        EV:  2    Int:  8    God:    Trog [**....]
Gold:   136        SH:  0    Dex: 13    Spells: 4/4 levels left

rFire    . . .     SeeInvis .   a - +0 hand axe
rCold    . . .     Faith    .   (no shield)
rNeg     + + +     Spirit   .   (armour currently unavailable)
rPois    +         Reflect  .   (helmet currently unavailable)
rElec    .         Harm     .   (cloak currently unavailable)
rCorr    .         Rampage  .   (gloves currently unavailable)
Will     +....     NoTele   +   (boots currently unavailable)
Stlth    +.........             (no amulet)
HPRegen  0.20/turn              j - ring of willpower
MPRegen  0.09/turn              (no ring)

@: lethally poisoned (-12 -> -45), tree-form
A: powered by pain 1
a: Renounce Religion, Berserk, Trog's Hand


You were on level 4 of the Dungeon.
You worshipped Trog.
Trog was pleased with you.
You were a tree.
You visited 1 branch of the dungeon, and saw 4 of its levels.

You collected 136 gold pieces.

Inventory:

Hand Weapons
 a - a +0 hand axe (weapon)
Armour
 m - a +0 pair of boots (melded)
 q - a +0 chain mail (melded)
Jewellery
 j - a ring of willpower (left branch)
Wands
 o - a wand of paralysis (8)
Scrolls
 c - 4 scrolls of identify {unknown}
 d - a scroll of remove curse {unknown}
 f - a scroll of immolation {unknown}
 i - 3 scrolls of teleportation {unknown}
 k - 2 scrolls of noise {unknown}
 n - a scroll of fear {unknown}
Potions
 g - a potion of invisibility {unknown}
 h - a potion of curing {unknown}
 l - a potion of ambrosia {unknown}
 r - a potion of haste {unknown}


   Skills:
 + Level 4.0 Fighting
 + Level 3.6 Axes
 + Level 2.9 Armour
 + Level 2.9 Dodging


You had 4 spell levels left.
You didn't know any spells.
Your spell library was empty.

Dungeon Overview and Level Annotations

Branches:
Dungeon (3/15)

Altars:
Elyvilon
Gozag
Ru


Innate Abilities, Weirdness & Mutations

((You have sharp fingernails.))
You sometimes gain a little power by taking damage.


Message History

* * * LOW HITPOINT WARNING * * *
You feel very sick. The scorpion stings you.
* * * LOW HITPOINT WARNING * * *
The orc wizard hits you but does no damage.
You are more poisoned.
The orc priest hits you but does no damage.
The scorpion stings you but does no damage.
You hit the orc priest but do no damage.
The orc priest is moderately wounded.
You closely miss the orc wizard. You hit the scorpion but do no damage.
You recover from your berserk rage.
* * * LOW HITPOINT WARNING * * *
You feel sick.
A worker ant comes into view.
The orc wizard hits you but does no damage.
You are more poisoned.
The orc priest invokes the aid of Beogh against you.
Beogh smites you!
You die...

·····>··· ·······
▒····▒ ▒···▒▒
▒▒····▒ ▒·····▒▒
▒▒▒▒▒▒▒▒
▒··▒▒··▒▒▒▒······▒▒
▒·▒▒▒▒··[▒▒s······▒
▒·▒ ▒▒·$·♣)·······
▒†▒ ▒▒·oo········
▒··▒ ▒▒▒▒▒▒▒▒▒▒B·
▒··▒ ▒··▒ ···▒ ·▒▒▒
▒


You could see a scorpion, a worker ant (wandering), an orc priest and an orc
wizard.

Vanquished Creatures
  An iguana (D:4)
  4 adders
  4 gnolls
  An ooze (D:4)
  An adder skeleton (D:4)
  A worm (D:2)
  2 dart slugs
  4 leopard geckos
  4 orcs
  10 bats
  4 giant cockroaches
  3 goblins
  3 hobgoblins
  6 jackals
  7 kobolds
  A quokka (D:2)
  3 frilled lizards
  5 rats
64 creatures vanquished.

Notes
Turn   | Place    | Note
-------+----------+-------------------------------------------
     0 | D:1      | Azzok the Demonspawn Berserker began the quest for the Orb.
     0 | D:1      | Reached XP level 1. HP: 18/18 MP: 1/1
   415 | D:1      | Gained mutation: You sometimes gain a little power by
                  | taking damage. [demonic ancestry]
   415 | D:1      | Reached XP level 2. HP: 8/24 MP: 2/2
  1380 | D:2      | Reached XP level 3. HP: 28/29 MP: 3/3
  2079 | D:2      | Reached ** piety under Trog
  2459 | D:3      | Reached XP level 4. HP: 23/35 MP: 4/4
  3339 | D:3      | Found an opulent altar of Gozag.
  3422 | D:3      | Found a white marble altar of Elyvilon.
  3423 | D:3      | Found a sacrificial altar of Ru.
  3543 | D:3      | You fall into a shaft and drop 1 floor!
  3549 | D:4      | Gained mutation: You have sharp fingernails. [demonic
                  | ancestry]
  3549 | D:4      | Reached XP level 5. HP: 42/42 MP: 5/5
  3576 | D:4      | HP: 2/63 [orc priest/divine providence (12)]
  3581 | D:4      | Reached skill level 4 in Fighting
  3592 | D:4      | Killed from afar by an orc priest

Illustrated notes

Levels and vault maps discovered:
D:1:      heliophobic_arrival_henge, layout_loops_cross, grunt_decor_junction,
          minmay_crystal_water
D:2:      layout_loops_ring
D:3:      layout_basic, nicolae_gozag_cash_rules_everything_around_me,
          nicolae_overflow_hidden_temple, chequers_ecumenical_altar_twisty
D:4:      layout_layer_cave, nicolae_tso_besieged_by_evil, temple_green,
          gammafunk_ghost_necromancy, gup_sewer_entry_bowl

Skill      XL: |  1  2  3  4  5 |
---------------+----------------+-----
Armour         | 2 |  2.9
Dodging        | 2 |  2.9
Axes           | 3 |  3.6
Fighting       | 4 |  4.0

Action                   |  1- 3 |  4- 6 || total
-------------------------+-------+-------++-------
Melee: Hand axe          |   154 |   103 ||   257
Invok: Berserk           |     2 |     2 ||     4
       Trog's Hand       |       |     1 ||     1
  Use: Potion            |       |     4 ||     4
 Stab: Sleeping          |     2 |     2 ||     4
Armor: Animal skin       |    42 |       ||    42
       Chain mail        |       |    44 ||    44
       Ring mail         |       |    10 ||    10
       Skin              |       |    27 ||    27
Dodge: Dodged            |   130 |    70 ||   200
